AoeStats
← HAKUNA MATATA

Arena

507296983Analyzed
4v4 RM · 15d ago on Sep 17, 2026· 44m 35s· 8 players
Game mode
Random Map
Map size
Large (8 player)
Population
200
Speed
Normal
Resources
Standard
Victory
Conquest
Starting age
Dark Age
Ending age
Imperial Age
RankedLock teamsTeams togetherTeam positionsShared explorationLock speedFull tech treeHidden civsTurbo modeCheats
Victory
Defeat
🇨🇳 Poles · China
1403
+16
🇨🇳 Lithuanians · China
1392
+17
🇯🇵 Magyars · Japan
1392
+17
🇨🇳 Italians · China
1372
+18
🇪🇸 Britons · Spain
1544
-22
🇹🇷 Khmer · Türkiye
1411
-17
🇭🇰 Portuguese · Hong Kong SAR China
1365
-15
🇦🇷 Teutons · Argentina
1331
-14
李清然
7:46 Loom
13:19 Feudal Age
16:53 Castle Age
14:56 Horse Collar
15:06 Double-Bit Axe
22:02 Fletching
25:40 Wheelbarrow
25:27 Town Watch
31:17 Imperial Age
29:09 Gold Mining
29:22 Heavy Plow
30:14 Bow Saw
30:23 Scale Barding Armor
31:20 Bloodlines
32:00 Husbandry
32:21 Chain Barding Armor
31:44 Cavalier
34:35 Plate Barding Armor
34:11 Forging
34:00 Paladin
34:52 Stone Mining
37:01 Crop Rotation
37:32 Two-Man Saw
37:08 Iron Casting
36:58 Conscription
40:50 Stone Shaft Mining
42:04 Coinage
43:24 Banking
43:37 Guilds
43:43 Bodkin Arrow
43:48 Padded Archer Armor
桐原冬子
10:58 Feudal Age
11:37 Double-Bit Axe
14:30 Castle Age
12:12 Horse Collar
17:08 Wheelbarrow
21:29 Heavy Plow
22:38 Gold Mining
23:36 Hand Cart
28:27 Imperial Age
25:53 Fletching
26:40 Gold Mining
26:36 Loom
27:09 Thumb Ring
27:00 Bodkin Arrow
27:07 Husbandry
27:45 Padded Archer Armor
28:18 Ballistics
28:43 Crossbowman
29:28 Bracer
30:46 Chemistry
30:49 Leather Archer Armor
29:55 Heavy Cavalry Archer
31:00 Conscription
31:02 Recurve Bow
31:22 Scale Barding Armor
30:58 Heavy Cavalry Archer
31:15 Heavy Cavalry Archer
31:19 Man-at-Arms
31:20 Crossbowman
31:22 Light Cavalry
32:13 Bloodlines
32:36 Ring Archer Armor
33:18 Chain Barding Armor
33:00 Corvinian Army
33:28 Parthian Tactics
34:01 Long Swordsman
34:03 Crossbowman
34:49 Siege Engineers
34:07 Crossbowman
35:24 Plate Barding Armor
35:37 Coinage
35:16 Elite Magyar Huszar
37:13 Hoardings
38:17 Bow Saw
39:01 Banking
41:39 Masonry
41:10 Treadmill Crane
43:39 Caravan
44:50 Two-Man Saw
44:21 Crop Rotation
Cusi Yupanqui
10:29 Feudal Age
11:11 Double-Bit Axe
14:01 Castle Age
12:05 Horse Collar
14:59 Bow Saw
14:49 Heavy Plow
19:59 Stone Mining
22:36 Wheelbarrow
22:09 Gold Mining
22:50 Loom
27:10 Imperial Age
25:44 Szlachta Privileges
26:34 Stone Shaft Mining
26:23 Bloodlines
26:22 Scale Barding Armor
26:53 Hand Cart
26:46 Husbandry
27:46 Chain Barding Armor
27:39 Forging
27:28 Cavalier
28:34 Conscription
28:49 Crop Rotation
30:03 Iron Casting
29:43 Town Watch
32:50 Blast Furnace
32:41 Sanctity
32:38 Block Printing
33:08 Coinage
33:22 Fervor
34:18 Theocracy
34:35 Banking
35:02 Hoardings
37:48 Town Patrol
38:32 Light Cavalry
39:36 Lechitic Legacy
38:48 Sappers
39:58 Winged Hussar
40:44 Fletching
41:06 Masonry
40:36 Treadmill Crane
43:21 Chemistry
42:41 Ballistics
42:33 Fortified Wall
42:48 Siege Engineers
42:39 Murder Holes
43:31 Bodkin Arrow
垃圾小士兵
10:45 Feudal Age
11:32 Double-Bit Axe
14:35 Castle Age
12:21 Horse Collar
17:34 Bow Saw
20:24 Loom
26:50 Imperial Age
24:38 Fletching
25:05 Gold Mining
25:29 Bodkin Arrow
25:51 Padded Archer Armor
27:27 Ballistics
28:41 Chemistry
29:19 Bracer
30:26 Wheelbarrow
29:41 Town Watch
32:37 Leather Archer Armor
33:37 Conscription
33:12 Stone Mining
33:57 Ring Archer Armor
35:54 Elite Genoese Crossbowman
36:42 Thumb Ring
39:08 Hand Cart
44:24 Hoardings
Bear
6:42 Loom
9:11 Feudal Age
19:29 Double-Bit Axe
21:54 Fletching
25:41 Castle Age
27:22 Pikeman
28:49 Squires
34:31 Wheelbarrow
35:49 Scale Mail Armor
37:02 Chain Mail Armor
37:26 Forging
302
11:45 Feudal Age
15:40 Castle Age
13:37 Horse Collar
14:01 Double-Bit Axe
16:48 Wheelbarrow
16:44 Bow Saw
23:23 Loom
23:44 Gold Mining
23:44 Stone Mining
27:43 Imperial Age
26:19 Stone Shaft Mining
26:48 Hand Cart
26:19 Town Watch
27:14 Ballistics
27:04 Fletching
27:25 Circumnavigation
29:42 Chemistry
29:00 Elite Organ Gun
31:33 Bodkin Arrow
31:50 Masonry
33:43 Bracer
34:45 Arquebus
35:06 Conscription
34:58 Forging
35:21 Scale Mail Armor
35:22 Padded Archer Armor
35:10 Pikeman
35:36 Arson
36:27 Iron Casting
36:21 Murder Holes
36:32 Siege Engineers
36:19 Halberdier
41:48 Chain Mail Armor
42:33 Blast Furnace
Puskas
9:58 Feudal Age
15:05 Castle Age
13:27 Loom
13:40 Double-Bit Axe
16:23 Bow Saw
15:56 Horse Collar
17:56 Fletching
19:47 Bodkin Arrow
25:26 Imperial Age
23:19 Gold Mining
24:27 Padded Archer Armor
26:00 Ballistics
27:33 Chemistry
28:15 Wheelbarrow
33:30 Bracer
33:46 Leather Archer Armor
35:18 Ring Archer Armor
35:01 Elite Skirmisher
41:02 Crossbowman
42:48 Heavy Plow
43:40 Town Watch
44:10 Hand Cart
44:15 Arbalester
HAKUNA MATATA
10:39 Feudal Age
13:38 Castle Age
11:40 Double-Bit Axe
11:55 Horse Collar
14:43 Bow Saw
19:30 Heavy Plow
26:01 Imperial Age
23:27 Gold Mining
23:29 Stone Mining
24:08 Loom
24:59 Wheelbarrow
24:10 Town Watch
25:03 Gold Shaft Mining
25:15 Stone Shaft Mining
25:58 Husbandry
26:09 Bloodlines
26:20 Scale Barding Armor
26:27 Forging
26:48 Elite Battle Elephant
27:52 Forging
30:03 Iron Casting
29:50 Chain Barding Armor
29:34 Tusk Swords
31:57 Blast Furnace
31:55 Plate Barding Armor
33:59 Hand Cart
36:28 Conscription
36:32 Fletching
Connection lost

Rejoining the realm…

Still unreachable

The connection could not be restored.

Session expired

The server has moved on; the page needs a fresh start.